 Dungeon Crawl Stone Soup version 0.31-a0-233-g139696dc86 (webtiles) character file.

Game seed: 14548532713999182688

35 qw the Shooter (level 3, 0/21 HPs)
             Began as a Gargoyle Hexslinger on July 7, 2023.
             Slain by Robin
             ... wielding a +0 club
              (1 damage)
             ... on level 2 of the Dungeon.
             The game lasted 00:00:24 (783 turns).

qw the Shooter (Gargoyle Hexslinger)                 Turns: 783, Time: 00:00:25

Health: 0/21       AC:  8    Str: 11    XL:     3   Next: 35%
Magic:  4/4        EV: 11    Int: 13    God:
Gold:   57         SH:  0    Dex: 14    Spells: 3/4 levels left

rFire   . . .        Y - +2 sling
rCold   . . .        (no shield)
rNeg    + . .        h - +0 leather armour
rPois   inf          (no helmet)
rElec   +            i - +0 cloak
rCorr   .            (no gloves)
SInv    .            j - +0 pair of boots
Will    .....        (no amulet)
Stlth   +            (no ring)
HPRegen 0.23/turn    (no ring)
MPRegen 0.09/turn

%: no passive effects
@: no status effects
A: sickness immunity, AC +3, negative energy resistance 1, electricity
resistance, torment resistance 1, petrification resistance
a: no special abilities


You were on level 2 of the Dungeon.
You visited 1 branch of the dungeon, and saw 2 of its levels.

You collected 57 gold pieces.


Innate Abilities, Weirdness & Mutations

You are immune to sickness and miasma.
Your stone body is resilient. (AC +3)
You are immune to poison.
You resist negative energy. (rN+)
You are resistant to electric shocks. (rElec)
You are resistant to unholy torment.
You are immune to petrification.


   Skills:
 - Level 2.0 Fighting
 + Level 3.3 Ranged Weapons
 - Level 1.5 Dodging
 - Level 1.0 Spellcasting
 - Level 2.6 Hexes


You had 3 spell levels left.
You knew the following spells:

 Your Spells              Type           Power      Damage    Failure   Level
a - Slow                  Hex            28%        N/A       12%         1

Your spell library contained the following spells:

 Spells                   Type           Power      Damage    Failure   Level
 Inner Flame              Hex/Fire       4%         N/A       54%         3
 Portal Projectile        Hex/Tloc       8%         N/A       54%         3
 Cause Fear               Hex            3%         N/A       77%         4

Inventory:

Hand Weapons
 Y - a +2 sling (weapon)
Armour
 c - the +1 pair of gloves of Pisegac {Rampage Fly}
   (You found it on level 2 of the Dungeon)

   Fly:       It grants you flight.
   Rampage:   It bestows one free step when moving towards enemies.
 h - a +0 leather armour (worn)
 i - a +0 cloak (worn)
 j - a +0 pair of boots (worn)
Scrolls
 a - a scroll of silence {unknown}
 d - a scroll of identify
Potions
 b - a potion of ambrosia {unknown}
 e - a potion of lignification {unknown}

Dungeon Overview and Level Annotations

Branches:
Dungeon (2/15)

Altars:
Sif Muna

Shops:
D:1 (

Annotations:
D:2 Robin


Message History

You kill the goblin!
Robin throws the goblin at you! The goblin closely misses you.
The goblin barely misses you. The goblin hits you but does no damage.
You shoot a sling bullet. The sling bullet hits the goblin.
The goblin is moderately wounded.
You hear a shout!
The goblin hits you with a +0 dagger. The goblin hits you but does no damage.
A goblin comes into view. It is wielding a +0 dagger.
You hear a shout!
You shoot a sling bullet. The sling bullet hits the goblin.
You kill the goblin!
Robin roars a battlecry!
The goblins go into a battle-frenzy!
The goblin hits you but does no damage.
You hear a shout!
You shoot a sling bullet.
The sling bullet hits the hobgoblin but does no damage.
The goblin closely misses you.
You shoot a sling bullet. The sling bullet hits the goblin.
The goblin is severely wounded.
Robin roars a battlecry!
The goblin hits you with a +0 dagger. The hobgoblin hits you.
The goblin hits you but does no damage. The hobgoblin barely misses you.
You shoot a sling bullet. The sling bullet hits the goblin.
You kill the goblin!
Robin throws the goblin at you! The hobgoblin hits you.
The goblin closely misses you.
You shoot a sling bullet. The sling bullet hits Robin.
Robin is moderately wounded.
Robin hits you with a +0 club. The hobgoblin hits you.
The goblin hits you with a +0 dagger.
A hobgoblin comes into view.
You shoot a sling bullet. The sling bullet hits Robin.
Robin is severely wounded.
Robin hits you but does no damage. The goblin hits you with a +0 dagger.
The hobgoblin misses you. Robin hits you with a +0 club.
The hobgoblin barely misses you. The goblin hits you with a +0 dagger.
You shoot a sling bullet. The sling bullet closely misses Robin.
Robin hits you with a +0 club.
You die...

# # . # #####..#
##ggg..#
#g@########
#..........
#......###
##.._..# #.....###
#.......#
#.......##########
##.....)..........
##.....##########


You could see Robin, 2 hobgoblins and a goblin (strong).

Vanquished Creatures
  3 dart slugs (D:1)
  3 bats
  3 endoplasms (D:1)
  6 goblins
  A hobgoblin (D:1)
  5 kobolds
  2 ball pythons
  6 rats (D:1)
29 creatures vanquished.

Notes
Turn   | Place    | Note
-------+----------+-------------------------------------------
     0 | D:1      | qw the Gargoyle Hexslinger began the quest for the Orb.
     0 | D:1      | Reached XP level 1. HP: 12/12 MP: 2/2
     0 | D:1      | 0 ||| qw: Version: 0.3-a-46-gb1f654a
     0 | D:1      | 0 ||| qw: Game counter: 3302
     0 | D:1      | 0 ||| qw: Melee chars always use a shield: true
     0 | D:1      | 0 ||| qw: God list: Okawaru
     0 | D:1      | 0 ||| qw: Allow faded altars: false
     0 | D:1      | 0 ||| qw: Do Orc after clearing Dungeon:15 true
     0 | D:1      | 0 ||| qw: Do second Lair branch before Depths: true
     0 | D:1      | 0 ||| qw: Lair rune preference: random
     0 | D:1      | 0 ||| qw: Goals: Normal
     0 | D:1      | 0 ||| PLANNING D:1-11
   124 | D:1      | Reached XP level 2. HP: 13/16 MP: 3/3
   140 | D:1      | 140 ||| FLEEEEING.
   187 | D:1      | 187 ||| FLEEEEING.
   188 | D:1      | 188 ||| FLEEEEING.
   189 | D:1      | 189 ||| FLEEEEING.
   190 | D:1      | 190 ||| FLEEEEING.
   191 | D:1      | 191 ||| FLEEEEING.
   193 | D:1      | Reached skill level 3 in Ranged Weapons
   248 | D:1      | Found Oczu Areeh's Weapon Boutique.
   248 | D:1      | Noticed a +0 triple sword
   251 | D:1      | Noticed a +0 giant club
   255 | D:1      | 255 ||| UPGRADING to +0 leather armour.
   310 | D:1      | 310 ||| DROPPING +0 robe.
   311 | D:1      | 311 ||| UPGRADING to +0 cloak.
   316 | D:1      | 316 ||| UPGRADING to +0 pair of boots.
   360 | D:1      | Reached XP level 3. HP: 21/21 MP: 4/4
   589 | D:1      | 589 ||| DROPPING ring of flight.
   590 | D:1      | 590 ||| READING scroll labelled IXARIE SUZOU.
   591 | D:1      | 591 ||| READING scroll labelled ODOIQY NYPS.
   592 | D:1      | 592 ||| READING scroll labelled GUIHUE LAECUO.
   593 | D:1      | 593 ||| READING scroll labelled FUIDDU DOAXT.
   594 | D:1      | 594 ||| READING scroll labelled ZONNUL YVUA.
   595 | D:1      | 595 ||| DROPPING scroll of poison.
   757 | D:2      | Found a shimmering blue altar of Sif Muna.
   763 | D:2      | Identified the +1 pair of gloves of Pisegac {Rampage Fly}
   774 | D:2      | Noticed Robin
   782 | D:2      | HP: 4/21 [goblin/+0 dagger[Robin] (2)]
   782 | D:2      | HP: 1/21 [goblin/+0 dagger[Robin] (1)]
   783 | D:2      | Slain by Robin

Levels and vault maps discovered:
D:1:      onia_arrival_mini_spirals, layout_basic, serial_shops,
          nicolae_shop_mannequins
D:2:      layout_rooms, basic_altar, uniq_robin, uniq_terence

Skill      XL: |  1  2  3 |
---------------+----------+-----
Ranged Weapons | 3 |  3.3
Fighting       | 2 |  2.0
Dodging        | |  1.5
Spellcasting   | |  1.0
Hexes          | |  2.6

Action                     || total
---------------------------++-------
   Fire: Sling             ||    92
    Use: Scroll            ||     5
 Armour: Robe              ||     7
         Leather armour    ||     7
  Dodge: Dodged            ||    22

Table legend:
 A = Non-vault XP
 B = Vault XP
 C = Vault XP percentage of total XP
 D = Non-vault monster count
 E = Vault monster count
 F = Vault count percentage of total count
                 A         B        C        D         E       F
            +---------+---------+-------+---------+---------+-------
      Total |      45 |       6 |  11.8 |      26 |       3 |  10.3
            +---------+---------+-------+---------+---------+-------
        D:1 |      39 |       0 |   0.0 |      21 |       0 |   0.0
        D:2 |       6 |       6 |  50.0 |       5 |       3 |  37.5
            +---------+---------+-------+---------+---------+-------
